 Dungeon Crawl Stone Soup version 0.29-a0-334-gb41bcbb86e (webtiles) character file.

Game seed: 6827385746593009027

476 sammy202020 the Skirmisher (level 7, -1/67 HPs)
             Began as a Gargoyle Berserker on Apr 15, 2022.
             Was a Priest of Trog.
             Shot with an arrow by a centaur (10 damage)
             ... on level 5 of the Dungeon.
             The game lasted 00:05:20 (4085 turns).

sammy202020 the Skirmisher (Gargoyle Berserker)     Turns: 4085, Time: 00:05:22

Health: -1/67      AC: 14    Str: 20    XL:     7   Next: 10%
Magic:  7/7        EV:  8    Int: 10    God:    Trog [***...]
Gold:   156        SH:  0    Dex:  9    Spells: 6/6 levels left

rFire   . . .      SeeInvis .   a - +0 mace
rCold   + . .      Faith    .   (no shield)
rNeg    + . .      Spirit   .   g - +0 chain mail
rPois   ∞          Reflect  .   (no helmet)
rElec   +          Harm     .   (no cloak)
rCorr   .          Rampage  .   (no gloves)
Will    ++...                   (no boots)
Stlth   ..........              (no amulet)
HPRegen 1.21/turn               p - ring of protection from cold
MPRegen 0.10/turn               (no ring)

@: berserking, marked, strong-willed, regenerating, very quick
A: sickness immunity, AC +4, negative energy resistance 1, electricity
resistance, torment resistance 1, petrification resistance, hooves 1
a: Renounce Religion, Berserk, Trog's Hand


You were on level 5 of the Dungeon.
You worshipped Trog.
Trog was most pleased with you.
You visited 1 branch of the dungeon, and saw 5 of its levels.

You collected 156 gold pieces.

Inventory:

Hand Weapons
 a - a +0 mace (weapon)
 k - a +0 hunting sling
Missiles
 l - 2 javelins (quivered)
 o - 4 curare-tipped darts
Armour
 b - a +0 animal skin
 g - a +0 chain mail (worn)
 i - a +2 robe of resistance
 m - a +0 pair of boots
Jewellery
 p - a ring of protection from cold (left hand)
 r - an amulet of the acrobat
Scrolls
 e - a scroll of noise
 h - 2 scrolls of immolation {unknown}
 j - a scroll of amnesia
 q - a scroll of teleportation
Potions
 c - a potion of flight {unknown}
 d - a potion of haste {unknown}
 f - a potion of mutation
 n - a potion of lignification {unknown}
 u - a potion of magic {unknown}
 v - a potion of brilliance {unknown}
 w - 2 potions of resistance {unknown}


   Skills:
 * Level 5.9 Fighting
 * Level 5.4 Maces & Flails
 + Level 4.0 Armour
 - Level 1.5 Dodging


You had 6 spell levels left.
You didn't know any spells.
Your spell library was empty.

Dungeon Overview and Level Annotations

Branches:
Dungeon (5/15)
 Temple: D:4-7

Altars:


Innate Abilities, Weirdness & Mutations

You are immune to sickness and miasma.
Your stone body is resilient. (AC +4)
You are immune to poison.
You resist negative energy. (rN+)
You are resistant to electric shocks. (rElec)
You are resistant to unholy torment.
You are immune to petrification.
You have large cloven feet.


Message History

You barely miss the iguana. You kick the iguana, but do no damage.
The iguana is moderately wounded.
An orc comes into view. It is wielding a +0 hand axe.
An orc wizard comes into view. It is wielding a +0 dagger.
The iguana bites you!
The orc shouts!
The orc wizard shouts!
You hit the iguana.
The iguana is moderately wounded.
The iguana bites you!
You closely miss the iguana.
The iguana is moderately wounded.
The orc pulls the alarm!
The alarm trap emits a blaring wail!
A sentinel's mark forms upon you. The iguana bites you!
* * * LOW HITPOINT WARNING * * *
You hear a shout!
You hear an angry hiss.
Something shouts, "Flee, thou droning saucy vulture!"
You hear a shout! x7; You hear an angry hiss.
You hear a shout! x2
Your skin crawls.
You feel strong-willed. The iguana bites you!
* * * LOW HITPOINT WARNING * * *
The orc wizard gestures wildly while chanting.
The orc wizard flickers and vanishes!
Deactivating autopickup; reactivate with Ctrl-A.
A red film seems to cover your vision as you go berserk!
You feel yourself moving faster!
You feel mighty! The orc barely misses you. The iguana closely misses you.
You hit the iguana.
The iguana is heavily wounded.
A centaur comes into view.
The iguana closely misses you.
You sock the iguana!
You kill the iguana!
Trog accepts your kill.
A centaur comes into view.
The centaur wields a +2 shortbow of flaming.
It bursts into flame!
The centaur shoots an arrow.
The arrow hits you!
You die...

#### #####..c
#......########
#......<.......
#......######..
#....o@#
#.....†#
#.....o.
#....?.!.
#####.#.oc #.
.... #. .....
#. ......


You could see 2 centaurs and 3 orcs.

Vanquished Creatures
  A black bear (D:4)
  A phantom (D:4)
  A scorpion (D:4)
  2 jellies (D:4)
  2 hounds (D:4)
  An iguana (D:5)
  A gnoll (D:4)
  2 adders
  A white imp (D:3)
  An ufetubus (D:3)
  A worm (D:4)
  4 dart slugs
  2 orcs
  7 bats
  7 endoplasms
  3 giant cockroaches
  9 goblins
  9 hobgoblins
  6 jackals
  3 quokkas
  9 ball pythons
  4 frilled lizards
  4 kobolds
  6 rats
87 creatures vanquished.

Vanquished Creatures (others)
  A fungus (D:2)
  A plant (D:2)
2 creatures vanquished.

Grand Total: 89 creatures vanquished

Notes
Turn   | Place    | Note
-------+----------+-------------------------------------------
     0 | D:1      | sammy202020 the Gargoyle Berserker began the quest for the
                  | Orb.
     0 | D:1      | Reached XP level 1. HP: 14/14 MP: 1/1
   378 | D:1      | Reached XP level 2. HP: 14/19 MP: 2/2
   881 | D:2      | Found a faded altar of an unknown god.
  1052 | D:2      | Reached XP level 3. HP: 20/24 MP: 3/3
  1316 | D:2      | Reached ** piety under Trog
  1728 | D:2      | Gained mutation: You are robust. (+10% HP) [potion of
                  | mutation]
  1728 | D:2      | Lost mutation: You are robust. (+10% HP) [potion of
                  | mutation]
  1728 | D:2      | Gained mutation: You have large cloven feet. [potion of
                  | mutation]
  1807 | D:3      | Reached XP level 4. HP: 29/29 MP: 4/4
  2137 | D:3      | Reached *** piety under Trog
  2521 | D:4      | Reached XP level 5. HP: 14/34 MP: 5/5
  3159 | D:4      | Reached skill level 5 in Fighting
  3170 | D:4      | Reached XP level 6. HP: 14/40 MP: 6/6
  3515 | D:4      | Reached skill level 5 in Maces & Flails
  3907 | D:4      | Noticed a black bear
  3920 | D:4      | Killed a black bear
  3921 | D:4      | Reached XP level 7. HP: 41/45 MP: 7/7
  4075 | D:5      | Entered Level 5 of the Dungeon
  4085 | D:5      | Shot with an arrow by a centaur

Illustrated notes

Levels and vault maps discovered:
D:1:      ncdulo_wetmaze, layout_loops_ring
D:2:      layout_loops_ring, shapermc_ecumenical_altar_rom_forum,
          hangedman_decor_growths
D:3:      layout_loops_ring
D:4:      layout_gridville, grunt_ministairs_8, minmay_misc_feat_more_columns,
          cheibrodos_gnoll_hut
D:5:      layout_basic, lemuel_old_faithful, uniq_duvessa, uniq_menkaure

Skill      XL: |  1  2  3  4  5  6 |
---------------+-------------------+-----
Fighting       | 4 5 |  5.9
Maces & Flails | 4 5 |  5.4
Armour         | 3 4 |  4.0
Dodging        | |  1.5

Action                   |  1- 3 |  4- 6 |  7- 9 || total
-------------------------+-------+-------+-------++-------
Melee: Mace              |   130 |   145 |     8 ||   283
       Kick              |     2 |    34 |     1 ||    37
       Punch             |       |     3 |       ||     3
Invok: Berserk           |       |     1 |     1 ||     2
       Trog's Hand       |       |       |     1 ||     1
  Use: Scroll            |     4 |     4 |       ||     8
       Potion            |     1 |       |       ||     1
Armor: Chain mail        |    89 |   124 |     3 ||   216
       Animal skin       |     3 |       |       ||     3
Dodge: Dodged            |    54 |    51 |     4 ||   109

Table legend: (Time is in decaauts)
 A = Elapsed time spent in this place.
 B = Non-inter-level travel time spent in this place.
 C = Inter-level travel time spent in this place.
 D = Time resting spent in this place.
 E = Time spent auto-exploring this place.
 F = Levels seen in this place.
 G = Mean time per level.
                   A        B        C        D        E       F      G
               +--------+--------+--------+--------+--------+-----+--------+
         Total |   4155 |   4109 |     46 |    278 |   3087 |   5 |  831.0 |
       Dungeon |   4155 |   4109 |     46 |    278 |   3087 |   5 |  831.0 |
               +--------+--------+--------+--------+--------+-----+--------+

Top non-repeatable levels by time:
     D:4: 1649 daAuts
     D:2: 933 daAuts
     D:1: 895 daAuts
     D:3: 667 daAuts
     D:5: 9 daAuts
